 Dungeon Crawl Stone Soup version 0.27-a0-96-gb51a1d6fd6 (webtiles) character file.

Game seed: 4226862221861822973

1138 kae the Ruffian (level 8, -6/78 HPs)
             Began as a Troll Fighter on Jan 19, 2021.
             Was an Initiate of Qazlal.
             Mangled by an iguana (13 damage)
             ... on level 6 of the Dungeon.
             The game lasted 00:03:11 (4140 turns).

kae the Ruffian (Troll Fighter)                     Turns: 4140, Time: 00:03:12

Health: -6/78      AC:  9    Str: 27    XL:     8   Next: 14%
Magic:  10/10      EV: 11    Int:  4    God:    Qazlal [......]
Gold:   466        SH:  0    Dex:  9    Spells: 11/11 levels left

rFire    . . .     SeeInvis .     - Unarmed
rCold    . . .     Faith    .   (no shield)
rNeg     . . .     Spirit   .   a - +1 robe
rPois    .         Reflect  .   (helmet restricted)
rElec    .         Harm     .   l - +1 cloak {Will+}
rCorr    .         Rampage  .   (gloves unavailable)
Will     +....                  (boots unavailable)
Stlth    ++........             (no amulet)
HPRegen  0.63/turn              m - ring of stealth
MPRegen  0.12/turn              (no ring)

@: no status effects
A: large, unfitting armour, claws 3, regeneration 1, shaggy fur 1, tough skin 3
a: Renounce Religion


You were on level 6 of the Dungeon.
You worshipped Qazlal.
Qazlal was noncommittal.
You visited 1 branch of the dungeon, and saw 6 of its levels.

You collected 466 gold pieces.

Inventory:

Hand Weapons
 f - a +1 short sword
Armour
 a - a +1 robe (worn)
 b - a +0 kite shield
 l - a +1 cloak of willpower (worn)
Jewellery
 m - a ring of stealth (left claw)
Wands
 e - a wand of enslavement (5)
 i - a wand of flame (19)
 u - a wand of digging (7)
Scrolls
 h - a scroll of enchant armour
 j - 3 scrolls of teleportation
 q - 4 scrolls of remove curse
 t - a scroll of magic mapping
Potions
 c - 3 potions of might
 d - 3 potions of curing
 g - a potion of degeneration
 k - 2 potions of cancellation
 n - a potion of flight
 p - 2 potions of ambrosia
 r - a potion of brilliance
 v - a potion of haste


   Skills:
 + Level 4.3 Fighting
 + Level 4.3 Dodging
 - Level 2.4 Shields
 * Level 6.3 Unarmed Combat
 + Level 2.4 Spellcasting


You had 11 spell levels left.
You didn't know any spells.
Your spell library was empty.

Dungeon Overview and Level Annotations

Branches:
Dungeon (6/15)
 Temple: D:4-7

Altars:
Gozag
Qazlal
Ru


Innate Abilities, Weirdness & Mutations

You are too large for most types of armour.
You have claws for hands.
Your natural rate of healing is unusually fast.
You are covered in fur. (AC +1)
You have extremely tough skin. (AC +3)


Message History

You scratch the ogre.
You kill the ogre!
Qazlal accepts your kill.
You scratch the iguana but do no damage.
The iguana closely misses you.
You barely miss the iguana. The iguana bites you!
* * * LOW HITPOINT WARNING * * *
You barely miss the iguana. The iguana closely misses you.
You feel much better. The iguana bites you!
You closely miss the iguana.
The iguana bites you but does no damage.
You closely miss the iguana. The iguana bites you!
* * * LOW HITPOINT WARNING * * *
You closely miss the iguana. You completely miss the iguana.
The iguana bites you!
* * * LOW HITPOINT WARNING * * *
You claw the iguana!
The iguana is heavily wounded.
The iguana bites you!
You die...

####### #.....#
#.....# #.....#
#.....# ###.....####
#...........
#####.#..>......
#..@l.#.........
...>..#####...$...=.
##### ######.... ...
..


You could see an iguana.

Vanquished Creatures
  Edmund (D:5)
  A sky beast (D:3)
  An ogre (D:6)
  3 scorpions
  A howler monkey (D:5)
  2 hounds
  Crazy Yiuf (D:2)
  2 orc priests
  4 orc wizards (D:5)
  Jessica (D:2)
  4 worker ants
  3 gnolls (D:4)
  12 adders
  An ufetubus (D:5)
  2 oozes (D:1)
  An adder zombie (D:5)
  2 worms (D:4)
  2 dart slugs (D:1)
  A leopard gecko (D:2)
  16 orcs
  8 bats
  6 giant cockroaches
  4 goblins
  11 hobgoblins
  7 jackals
  12 kobolds
  4 quokkas
  7 frilled lizards
  10 rats
130 creatures vanquished.

Notes
Turn   | Place    | Note
-------+----------+-------------------------------------------
     0 | D:1      | kae the Troll Fighter began the quest for the Orb.
     0 | D:1      | Reached XP level 1. HP: 22/22 MP: 0/0
   132 | D:1      | Reached XP level 2. HP: 27/29 MP: 1/1
   331 | D:1      | Reached XP level 3. HP: 29/36 MP: 2/2
  1031 | D:2      | Reached skill level 3 in Unarmed Combat
  1059 | D:2      | Found a runed translucent door.
  1060 | D:2      | Noticed Crazy Yiuf
  1154 | D:2      | Found a sacrificial altar of Ru.
  1380 | D:2      | Reached XP level 4. HP: 44/44 MP: 4/4
  1616 | D:2      | Noticed Jessica
  1622 | D:2      | Killed Jessica
  1623 | D:2      | Reached skill level 1 in Spellcasting
  2009 | D:2      | Killed Crazy Yiuf
  2010 | D:2      | Reached XP level 5. HP: 24/53 MP: 5/5
  2192 | D:3      | Noticed a sky beast
  2211 | D:3      | Killed a sky beast
  2212 | D:3      | Reached skill level 4 in Unarmed Combat
  2212 | D:3      | Reached XP level 6. HP: 32/61 MP: 5/7
  3013 | D:4      | Reached skill level 5 in Unarmed Combat
  3121 | D:4      | Reached XP level 7. HP: 67/67 MP: 8/8
  3614 | D:5      | Entered Level 5 of the Dungeon
  3698 | D:5      | Noticed Edmund
  3721 | D:5      | Killed Edmund
  3954 | D:5      | Reached skill level 6 in Unarmed Combat
  3982 | D:5      | Found an opulent altar of Gozag.
  4002 | D:5      | Reached XP level 8. HP: 78/78 MP: 10/10
  4075 | D:5      | Found a stormy altar of Qazlal.
  4115 | D:5      | Became a worshipper of Qazlal Stormbringer
  4140 | D:6      | Mangled by an iguana

Illustrated notes

Levels and vault maps discovered:
D:1:      lemuel_arrival_broad_hall, layout_loops_corners
D:2:      layout_basic, nicolae_ru_awakened_eye, uniq_jessica,
          uniq_crazy_yiuf_cottage
D:3:      layout_loops_ring, st_stairs_14
D:4:      layout_basic, minmay_misc_feat_pillars,
          minmay_fractal_squares_diagonal_5
D:5:      layout_rooms, general_overflow_altar, grunt_gozag_breadcrumbs,
          uniq_edmund
D:6:      layout_rooms, uniq_blork_the_orc, uniq_sigmund

Skill      XL: |  1  2  3  4  5  6  7 |
---------------+----------------------+-----
Unarmed Combat | 3 4 5 6 |  6.3
Spellcasting   | 1 2 |  2.4
Fighting       | 3 4 |  4.3
Dodging        | 3 4 |  4.3
Shields        | |  2.4

Action                   |  1- 3 |  4- 6 |  7- 9 || total
-------------------------+-------+-------+-------++-------
Melee: Unarmed           |   117 |   149 |   165 ||   431
       Punch             |     2 |     2 |     4 ||     8
  Use: Scroll            |     2 |     9 |     7 ||    18
       Potion            |       |       |     1 ||     1
 Stab: Sleeping          |     1 |     7 |       ||     8
Armor: Robe              |    57 |    71 |    80 ||   208
Dodge: Dodged            |    54 |    84 |   107 ||   245

Table legend: (Time is in decaauts)
 A = Elapsed time spent in this place.
 B = Non-inter-level travel time spent in this place.
 C = Inter-level travel time spent in this place.
 D = Time resting spent in this place.
 E = Time spent auto-exploring this place.
 F = Levels seen in this place.
 G = Mean time per level.
                   A        B        C        D        E       F      G
               +--------+--------+--------+--------+--------+-----+--------+
         Total |   4106 |   4005 |    101 |    269 |   2846 |   6 |  684.3 |
       Dungeon |   4106 |   4005 |    101 |    269 |   2846 |   6 |  684.3 |
               +--------+--------+--------+--------+--------+-----+--------+

Top non-repeatable levels by time:
     D:2: 1137 daAuts
     D:1: 960 daAuts
     D:3: 831 daAuts
     D:4: 664 daAuts
     D:5: 492 daAuts
     D:6: 20 daAuts
